 Dungeon Crawl Stone Soup version 0.20.0-8-g6b59dc7 (console) character file.

116 vonhedlund the Magician (level 4, 0/33 HPs)
             Began as a Draconian Conjurer on May 29, 2017.
             Slain by Crazy Yiuf
             ... wielding a +4 quarterstaff of chaos
              (9 damage)
             ... on level 3 of the Dungeon on May 31, 2017.
             The game lasted 00:31:32 (2108 turns).

vonhedlund the Magician (Draconian Conjurer)        Turns: 2108, Time: 00:31:32

Health: 0/33       AC:  5    Str: 10    XL:     4   Next: 69%
Magic:  0/10       EV: 12    Int: 16    God:
Gold:   145        SH:  0    Dex: 12    Spells: 9/12 levels left

rFire    . . .     SeeInvis .   o - +0 short sword
rCold    . . .     Gourm    .   (no shield)
rNeg     . . .     Faith    .   (armour unavailable)
rPois    .         Spirit   .   (helmet restricted)
rElec    .         Reflect  .   (no cloak)
rCorr    .         Harm     .   (no gloves)
MR       .....                  (no boots)
Stlth    ++........             (no amulet)
Regen    0.2/turn               (no ring)
MPRegen  0.2/turn               (no ring)

@: no status effects
A: unfitting armour, cold-blooded, AC +5
a: no special abilities


You were on level 3 of the Dungeon.
You were not hungry.

You visited 1 branch of the dungeon, and saw 3 of its levels.

You collected 145 gold pieces.

Inventory:

Hand Weapons
 o - a +0 short sword (weapon)
Missiles
 d - 67 arrows
Jewellery
 q - a cursed amulet of inaccuracy {unknown}
 r - an uncursed ring of poison resistance {unknown}
 y - a +6 ring of dexterity {unknown}
Scrolls
 c - a scroll of enchant weapon {unknown}
 e - 6 scrolls of fear
 j - 5 scrolls of identify {unknown}
 k - a scroll of magic mapping
 l - a scroll of teleportation {unknown}
 m - a scroll of noise {unknown}
 p - a scroll of recharging {unknown}
 u - a scroll of blinking {unknown}
 v - 4 scrolls of remove curse {unknown}
 x - a scroll of fog {unknown}
Potions
 g - a potion of lignification
 h - a potion of flight {unknown}
 i - 2 potions of agility {unknown}
 n - 2 potions of cancellation {unknown}
 s - a potion of invisibility {unknown}
 w - a potion of resistance {unknown}
 z - a potion of might {unknown}
Books
 a - a book of Conjurations

   Spells                             Type                      Level
   a - Magic Dart                     Conjuration                  1
   b - Searing Ray                    Conjuration                  2
   c - Dazzling Spray                 Conjuration/Hexes            3
   d - Fulminant Prism                Conjuration/Hexes            4
   e - Force Lance                    Conjuration/Translocation    4
   f - Iskenderun's Mystic Blast      Conjuration                  4
Comestibles
 b - 4 bread rations
 f - 4 chunks of flesh
 t - 3 meat rations
 A - a royal jelly


   Skills:
 - Level 1.7 Dodging
 - Level 1.7 Stealth
 + Level 4.6 Spellcasting
 - Level 4.0 Conjurations


You had 9 spell levels left.
You knew the following spells:

 Your Spells              Type           Power        Failure   Level  Hunger
a - Magic Dart            Conj           ###.         3%          1    None
b - Searing Ray           Conj           ###...       4%          2    ##.....


Dungeon Overview and Level Annotations

Branches:
Dungeon (3/15)

Altars:

Annotations:
D:3 Crazy Yiuf


Innate Abilities, Weirdness & Mutations

Your plain brown scales are hard. (AC +5)
You cannot fit into any form of body armour.
You are cold-blooded and may be slowed by cold attacks.


Message History

Crazy Yiuf hits you with a quarterstaff of chaos!
Crazy Yiuf burns you!
* * * LOW HITPOINT WARNING * * *
Casting: Searing Ray
Confirm with . or Enter, or press ? or * to list all spells.
Aiming: Searing Ray
Press: ? - help, Shift-Dir - straight line, f/p - Crazy Yiuf
Aim: Crazy Yiuf, wielding a quarterstaff of chaos and wearing a cloak (moderately wounded)
The searing ray misses Crazy Yiuf. (Press . to maintain the ray.) Crazy Yiuf barely misses you.
Some of the chunks of flesh in your inventory have rotted away.
The searing ray hits Crazy Yiuf.
Crazy Yiuf is moderately wounded.
The searing ray hits Crazy Yiuf.
Crazy Yiuf is severely wounded.
Crazy Yiuf misses you.
Without enough magic to sustain it, your searing ray dissipates.
Crazy Yiuf hits you with a quarterstaff of chaos!
You die...

#.....##.K.###
#)..#
#.........##
#...# .#####(.##
#...# #.## #.###
...( #.# ######
#.# #.# #.# ###
#####.# #)..###
##.....#
#...g@####......#
#...##..#..#...##
### ###.#....##
########


You could see Crazy Yiuf.

Vanquished Creatures
  3 adders
  An ooze (D:2)
  2 dart slugs
  2 leopard geckos (D:1)
  2 orcs (D:3)
  A ball python (D:1)
  6 bats
  5 giant cockroaches
  5 hobgoblins
  5 jackals
  12 kobolds
  A quokka (D:3)
  3 frilled lizards
  9 goblins
  20 rats
77 creatures vanquished.

Notes
Turn   | Place    | Note
-------+----------+-------------------------------------------
     0 | D:1      | vonhedlund the Draconian Conjurer began the quest for the Orb.
     0 | D:1      | Reached XP level 1. HP: 14/14 MP: 3/3
   183 | D:1      | Reached XP level 2. HP: 4/20 MP: 0/5
   685 | D:1      | Reached XP level 3. HP: 24/26 MP: 4/7
   923 | D:1      | Learned a level 2 spell: Searing Ray
  1105 | D:2      | Upgraded the game from 0.20.0-7-g3b7b877 to 0.20.0-8-g6b59dc7
  1488 | D:2      | Reached XP level 4. HP: 33/33 MP: 6/10
  2096 | D:3      | Found a runed door.
  2100 | D:3      | Noticed Crazy Yiuf
  2108 | D:3      | Slain by Crazy Yiuf

Skill      XL: |  1  2  3 |
---------------+----------+-----
Spellcasting   | 3 4 |  4.6
Dodging        | |  1.7
Stealth        | |  1.7
Conjurations   | |  4.0

Action                   |  1- 3 |  4- 6 || total
-------------------------+-------+-------++-------
Melee: Unarmed           |    63 |       ||    63
       Tailslap          |     5 |       ||     5
       Short sword       |    20 |    20 ||    40
 Cast: Magic Dart        |    81 |    24 ||   105
       Searing Ray       |     1 |     6 ||     7
  Use: Potion            |     1 |       ||     1
       Scroll            |     2 |       ||     2
 Stab: Sleeping          |     1 |     2 ||     3
  Eat: Chunk             |     2 |     2 ||     4
Armor: Skin              |    37 |     8 ||    45
Dodge: Dodged            |    59 |    15 ||    74
